 Dungeon Crawl Stone Soup version 0.13.2 (webtiles) character file.

919 Morbidden the Ruffian (level 7, -1/66 HPs)
             Began as a Troll Hunter on May 28, 2020.
             Killed by divine providence
             ... invoked by an orc priest
              (13 damage)
             ... on Level 5 of the Dungeon on Aug 6, 2020.
             The game lasted 00:16:40 (4220 turns).

Morbidden the Ruffian (Troll Hunter)                Turns: 4220, Time: 00:16:40

HP  -1/66        AC  6     Str 27      XL: 7   Next: 48%
MP   2/2         EV 10     Int  8      God:
Gold 173         SH  0     Dex 10      Spells:  0 memorised,  6 levels left

Res.Fire  : . . .   See Invis. : .     - Unarmed
Res.Cold  : . . .   Warding    : .   d - +0 animal skin (curse)
Life Prot.: . . .   Conserve   : .   (shield restricted)
Res.Poison: .       Res.Corr.  : .   (helmet restricted)
Res.Elec. : .       Clarity    : .   D - +0 cloak
Sust.Abil.: . .     Spirit.Shd : .   (gloves unavailable)
Res.Mut.  : .       Stasis     : .   (boots unavailable)
Res.Rott. : .       Flight     : .   C - amulet of the gourmand
Gourmand  : +                        (no ring)
                                     (no ring)

@: mighty, slightly resistant to hostile enchantments, unstealthy
A: unfitting armour, claws 3, fast metabolism 3, gourmand, regeneration 2,
saprovore 2, tough skin 2, AC +1
a: no special abilities


You were on level 5 of the Dungeon.
You were not hungry.

You visited 1 branch of the dungeon, and saw 5 of its levels.

You collected 153 gold pieces.

Inventory:

Missiles
 c - a throwing net (quivered)
 l - 21 darts
 t - 3 darts of frost
 z - 5 large rocks
Armour
 d - a cursed +0 animal skin (worn)
 D - a +0 cloak (worn)
Magical devices
 g - a wand of teleportation (0) {unknown}
 m - a wand of draining (2) {unknown}
Comestibles
 a - 2 meat rations
 o - a pear
 p - 3 bread rations
 u - an apple
Scrolls
 e - a scroll of random uselessness
 f - 3 scrolls of identify
 k - 2 scrolls of recharging {unknown}
 n - 3 scrolls of teleportation
 q - 5 scrolls of remove curse
 w - a scroll of fear {unknown}
 x - a scroll of enchant weapon II {unknown}
 B - a scroll of blinking
Jewellery
 C - an amulet of the gourmand (around neck)
Potions
 h - a potion of brilliance {unknown}
 i - a potion of restore abilities
 j - a potion of might
 r - a potion of invisibility {unknown}
 s - a potion of speed {unknown}
 v - 2 potions of heal wounds {unknown}
 A - a potion of berserk rage {unknown}


   Skills:
 * Level 3.3 Fighting
 + Level 4.6 Throwing
 + Level 3.6 Dodging
 + Level 1.3 Stealth
 * Level 5.0 Unarmed Combat


You had 6 spell levels left.
You didn't know any spells.

Dungeon Overview and Level Annotations

Branches:
Dungeon (5/27)
 Temple: D:4-7

Altars:
Zin

Shops:
D:5 *

Annotations:
D:5 casual's ghost, experienced DsTm


Innate Abilities, Weirdness & Mutations

You are too large for most types of armour.
You have claws for hands.
Your metabolism is lightning-fast.
You like to eat raw meat.
You heal very quickly.
You can eat rotten meat.
You are covered in fur (AC +1).
You have very tough skin (AC +2).


Message History

The orc grunts repeatedly.
The orc misses you.
You hit the orc.
You kill the orc!
Unknown command.
Unknown command.
Throwing (i - inventory. (,) - cycle):
b - a throwing net [falling apart] (quivered)
Press: ? - help, Shift-Dir - straight line, f - orc priest
Aim: an orc priest, wielding an orcish mace You throw a throwing net [falling apart].
The throwing net [falling apart] hits the orc priest.
The orc priest is caught in the net!
The orc priest struggles to escape the net.
The orc priest looks braver.
The orc priest struggles against the net.
The net rips apart, and the orc priest comes free!
You closely miss the orc priest.
The orc priest mumbles some strange prayers to Beogh against you.
Something smites you!
You die...

.... ..........
............
..............
................
....)............
.....r...........
.......o).........
#..@.....#
#........#
#........#
#........#
#........#
#........#
#........#
#........#
#........#


You could see an orc priest and a rat.

Vanquished Creatures
  Edmund (D:4)
  2 ogres (D:4)
  Sigmund (D:4)
  The ghost of Zorot the Skirmisher, an average NaGl (D:3)
  A jelly (D:5)
  Crazy Yiuf (D:4)
  A hound (D:4)
  An iguana (D:4)
  A worker ant (D:5)
  Terence (D:2)
  8 adders
  A giant mite (D:3)
  4 worms
  An adder skeleton (D:4)
  A giant eyeball (D:4)
  A giant gecko (D:5)
  2 oozes (D:2)
  3 orcs
  5 giant cockroaches
  9 goblins
  9 hobgoblins
  10 jackals
  4 quokkas
  3 ball pythons
  8 bats
  5 giant newts
  A giant newt skeleton (D:5)
  12 kobolds
  8 rats
106 creatures vanquished.

Notes
Turn   | Place    | Note
--------------------------------------------------------------
     0 | D:1      | Morbidden, the Troll Hunter, began the quest for the Orb.
     0 | D:1      | Reached XP level 1. HP: 20/20 MP: 0/0
   136 | D:1      | Reached XP level 2. HP: 28/28 MP: 0/0
   551 | D:1      | Reached skill level 4 in Throwing
   698 | D:2      | Reached XP level 3. HP: 27/35 MP: 1/1
   964 | D:2      | Reached XP level 4. HP: 44/44 MP: 1/1
  1172 | D:2      | Noticed Terence
  1190 | D:2      | Killed Terence
  1531 | D:3      | Noticed Zorot's ghost (average NaGl)
  1555 | D:3      | Killed Zorot's ghost
  1555 | D:3      | Reached XP level 5. HP: 29/50 MP: 1/1
  2750 | D:4      | Noticed Sigmund
  2812 | D:4      | Killed Sigmund
  2812 | D:4      | Reached XP level 6. HP: 59/59 MP: 2/2
  2847 | D:4      | Reached skill level 1 in Stealth
  3372 | D:4      | Noticed Crazy Yiuf
  3377 | D:4      | Killed Crazy Yiuf
  3430 | D:5      | Entered Level 5 of the Dungeon
  3430 | D:5      | Found a glowing silver altar of Zin.
  3534 | D:5      | Found Jeohy's Assorted Antiques.
  3801 | D:5      | Noticed Edmund
  3803 | D:5      | Noticed casual's ghost (experienced DsTm)
  3821 | D:4      | Killed Edmund
  3821 | D:4      | Reached XP level 7. HP: 31/66 MP: 2/2
  4187 | D:5      | Reached skill level 5 in Unarmed Combat
  4220 | D:5      | Killed from afar by an orc priest

Action                   |  1- 3 |  4- 6 |  7- 9 || total
-------------------------+-------+-------+-------++-------
Melee: Unarmed           |   111 |   217 |    24 ||   352
Throw: Dart              |     4 |       |       ||     4
       Large rock        |     1 |     7 |       ||     8
       Dagger            |       |    20 |     2 ||    22
       Throwing net      |       |     3 |     1 ||     4
Evoke: Wand              |       |       |     1 ||     1
  Use: Scroll            |       |     9 |       ||     9
       Potion            |       |       |     2 ||     2
 Stab: Sleeping          |     1 |       |       ||     1
       Distracted        |       |     1 |       ||     1
